 Dungeon Crawl Stone Soup version 0.17.0-28-g6e173f8 (webtiles) character file.

66 PossumBlood the Sneak (level 3, -7/28 HPs)
             Began as a Vampire Assassin on Nov 24, 2015.
             Killed by nerve-wracking pain
             ... invoked by an orc priest
              (10 damage)
             ... on level 3 of the Dungeon.
             The game lasted 00:08:36 (3671 turns).

PossumBlood the Sneak (Vampire Assassin)            Turns: 3671, Time: 00:08:36

Health: -7/28      AC:  4    Str: 10    XL:     3   Next: 96%
Magic:  3/3        EV: 13    Int: 13    God:
Gold:   108        SH:  0    Dex: 16    Spells: 0 memorised, 2 levels left

rFire  . . .     SeeInvis +     a - +2 dagger
rCold  + + .     Clarity  .     c - +0 robe
rNeg   + + +     SustAt   .     (no shield)
rPois  +         Gourm    .     (no helmet)
rElec  .         Spirit   .     d - +0 cloak
rCorr  .         Warding  .     q - +0 pair of gloves
rMut   .         Stasis   .     (no boots)
MR     .....                    (no amulet)
Stlth  ++++......               (no ring)
                                (no ring)

@: regenerating slowly, not resistant to hostile enchantments, stealthy
A: fangs 3, see invisible, unbreathing
a: Bat Form


You were on level 3 of the Dungeon.
You were near bloodless.

You visited 1 branch of the dungeon, and saw 3 of its levels.

You collected 108 gold pieces.

Inventory:

Hand Weapons
 a - a +2 dagger (weapon)
 b - a +0 blowgun
Missiles
 e - 8 poisoned needles
 f - 2 curare-tipped needles
Armour
 c - a +0 robe (worn)
 d - a +0 cloak (worn)
 q - a +0 pair of gloves (worn)
Jewellery
 o - a cursed ring of teleportation {unknown}
Scrolls
 h - a scroll of recharging
 j - a scroll of fog {unknown}
 k - a scroll of remove curse
 p - 2 scrolls of fear {unknown}
 r - a scroll of enchant armour {unknown}
 s - a scroll of teleportation
Potions
 g - 15 potions of blood
 i - 2 potions of curing {unknown}
 l - a potion of degeneration {unknown}
 m - a potion of might {unknown}
 n - a potion of brilliance {unknown}


   Skills:
 + Level 2.4 Fighting
 + Level 2.4 Short Blades
 + Level 1.7 Throwing
 + Level 2.2 Dodging
 + Level 7.0 Stealth


You had 2 spell levels left.
You didn't know any spells.

Dungeon Overview and Level Annotations

Branches:
Dungeon (3/15)

Altars:
Dithmenos
Qazlal
Zin


Innate Abilities, Weirdness & Mutations

You heal slowly.
You have razor-sharp teeth.
You have supernaturally acute eyesight.
You can survive without breathing.


Message History

You hit the orc priest.
The orc priest is moderately wounded.
The orc priest hits you with a dagger. The orc hits you with a club!
The orc hits you with a war axe.
You hit the orc priest.
The orc priest is heavily wounded.
The orc priest hits you but does no damage.
The orc completely misses you.
You closely miss the orc priest. Your bite misses the orc priest.
The orc priest is heavily wounded.
The orc closely misses you. The orc priest hits you with a dagger!
* * * LOW HITPOINT WARNING * * *
The orc hits you with a club.
* * * LOW HITPOINT WARNING * * *
You closely miss the orc priest.
The orc priest is heavily wounded.
The orc barely misses you.
The orc priest calls down the wrath of Beogh upon you.
Pain shoots through your body!
You die...

....##.########.#
#..##.# #.#
###.....# #.#
..#.....### #.#
#.#.......######.#
#.#..............#
#.#.......########
######o#.#...###
#.g...o@.#...#
#.####o####.## #o
#.# #o #.# #. #.#
#. #.# .. ).# ##
###


You could see an orc priest, an orc wizard, 3 orcs and a hobgoblin.

Vanquished Creatures
  2 adders (D:3)
  An ooze (D:1)
  4 bats
  5 giant cockroaches
  5 goblins
  4 hobgoblins
  2 giant geckos
  5 giant newts
  12 kobolds
  2 rats (D:2)
42 creatures vanquished.

Notes
Turn   | Place    | Note
--------------------------------------------------------------
     0 | D:1      | PossumBlood the Vampire Assassin began the quest for the Orb.
     0 | D:1      | Reached XP level 1. HP: 16/16 MP: 1/1
   122 | D:1      | Reached skill level 6 in Stealth
   805 | D:1      | Reached XP level 2. HP: 19/22 MP: 2/2
  2046 | D:2      | Reached XP level 3. HP: 25/27 MP: 3/3
  2360 | D:2      | Found a shadowy altar of Dithmenos.
  2701 | D:2      | Found a glowing silver altar of Zin.
  2701 | D:2      | Found a stormy altar of Qazlal.
  2821 | D:3      | Found a glowing drain.
  3572 | D:3      | Reached skill level 7 in Stealth
  3671 | D:3      | Killed from afar by an orc priest

Action                   || total
-------------------------++-------
Melee: Dagger            ||   150
 Abil: End Transformatio ||     1
       Bat Form          ||     1
  Use: Scroll            ||     7
       Potion            ||     4
 Stab: Sleeping          ||     3
       Distracted        ||     1
